 Dungeon Crawl Stone Soup version 0.19.0-22-gd96e5fe (webtiles) character file.

53 smedtjen the Firebug (level 3, -1/21 HPs)
             Began as a High Elf Fire Elementalist on Nov 19, 2016.
             Slain by a hobgoblin (3 damage)
             ... on level 2 of the Dungeon.
             The game lasted 00:06:24 (2536 turns).

smedtjen the Firebug (High Elf Fire Elementalist)   Turns: 2536, Time: 00:06:24

Health: -1/21      AC:  2    Str:  7    XL:     3   Next: 64%
Magic:  1/8        EV: 13    Int: 19    God:
Gold:   99         SH:  0    Dex: 16    Spells: 2 memorised, 5 levels left

rFire  . . .     SeeInvis .     m - +0 spear
rCold  . . .     Gourm    .     a - +0 robe
rNeg   . . .     Faith    .     (no shield)
rPois  .         Spirit   .     (no helmet)
rElec  .         Reflect  .     (no cloak)
rCorr  .         Harm     .     (no gloves)
MR     .....                    (no boots)
Stlth  ++........               (no amulet)
                                (no ring)
                                (no ring)

@: no status effects
A: no striking features
a: no special abilities


You were on level 2 of the Dungeon.
You were not hungry.

You visited 1 branch of the dungeon, and saw 2 of its levels.

You collected 99 gold pieces.

Inventory:

Hand Weapons
 d - a +0 dagger
 m - a +0 spear (weapon)
Armour
 a - a +0 robe (worn)
Scrolls
 e - a scroll of enchant armour {unknown}
 f - 2 scrolls of recharging {unknown}
 g - a scroll of fear {unknown}
 i - 2 scrolls of remove curse {unknown}
 j - a scroll of noise {unknown}
 q - a scroll of amnesia {unknown}
 r - a scroll of identify {unknown}
Potions
 h - a potion of flight {unknown}
 k - a potion of berserk rage {unknown}
 l - a potion of cancellation {unknown}
 n - a potion of degeneration {unknown}
Books
 b - a book of Flames

   Spells                             Type                      Level
   a - Flame Tongue                   Conjuration/Fire             1
   b - Throw Flame                    Conjuration/Fire             2
   c - Conjure Flame                  Conjuration/Fire             3
   d - Inner Flame                    Hexes/Fire                   3
   e - Sticky Flame                   Conjuration/Fire             4
   f - Fireball                       Conjuration/Fire             5
Comestibles
 c - 2 bread rations
 o - a slice of pizza
 p - a meat ration
 s - a chunk of flesh


   Skills:
 + Level 2.2 Dodging
 + Level 2.4 Stealth
 + Level 3.0 Spellcasting
 + Level 2.1 Conjurations
 + Level 3.8 Fire Magic


You had 5 spell levels left.
You knew the following spells:

 Your Spells              Type           Power        Failure   Level  Hunger
a - Flame Tongue          Conj/Fire      ##...        6%          1    None
b - Throw Flame           Conj/Fire      ##....       10%         2    ##.....


Dungeon Overview and Level Annotations

Branches:
Dungeon (2/15)

Altars:


Message History

Aiming: Flame Tongue
Press: ? - help, Shift-Dir - straight line, f/p - worm
Aim: a worm (severely wounded)
The flame tongue hits the worm.
You kill the worm!
The hobgoblin hits you.
* * * LOW HITPOINT WARNING * * *
The leopard gecko closely misses you.
Casting: Flame Tongue
Confirm with . or Enter, or press ? or * to list all spells.
You don't have enough magic to cast that spell.
Unknown command.
Casting: Flame Tongue
Confirm with . or Enter, or press ? or * to list all spells.
You don't have enough magic to cast that spell.
Unknown command.
The leopard gecko bites you.
* * * LOW HITPOINT WARNING * * *
The hobgoblin hits you.
You die...

##########. #..........
######.########.
##.........@.##
######...###.###lg†#.
#...÷..................
#.#.##...#######...#$...
#.#.###.## ..w.....#
#.#.# #.# ###.####...
#.#.# #.# ... ..# #.#..
... ..# .# #.### ###


You could see a worm, a leopard gecko and a hobgoblin.

Vanquished Creatures
  An ooze (D:1)
  2 worms (D:2)
  3 dart slugs (D:1)
  A leopard gecko (D:1)
  2 bats (D:1)
  4 giant cockroaches
  8 goblins
  2 hobgoblins (D:1)
  4 frilled lizards (D:1)
  4 kobolds (D:1)
  4 rats
35 creatures vanquished.

Notes
Turn   | Place    | Note
-------+----------+-------------------------------------------
     0 | D:1      | smedtjen the High Elf Fire Elementalist began the quest for the Orb.
     0 | D:1      | Reached XP level 1. HP: 11/11 MP: 4/4
   314 | D:1      | Reached XP level 2. HP: 17/17 MP: 2/6
   318 | D:1      | Learned a level 2 spell: Throw Flame
  1213 | D:1      | Reached XP level 3. HP: 21/21 MP: 2/8
  2536 | D:2      | Slain by a hobgoblin

Skill      XL: |  1  2  3 |
---------------+----------+-----
Spellcasting   | 3 |  3.0
Conjurations   | 2 |  2.1
Dodging        | |  2.2
Stealth        | |  2.4
Fire Magic     | |  3.8

Action                   || total
-------------------------++-------
Melee: Dagger            ||    14
       Spear             ||    15
 Cast: Flame Tongue      ||    44
       Throw Flame       ||    28
  Eat: Meat ration       ||     1
       Chunk             ||     1
Armor: Robe              ||    10
Dodge: Dodged            ||    31
